 Dungeon Crawl Stone Soup version 0.31.0-32-g396128a36d (webtiles) character file.

Game seed: 17267554259984924982

408 SolarTheDude the Chopper (level 6, 0/56 HPs)
             Began as a Hill Orc Fighter on Mar 21, 2024.
             Was an Initiate of Beogh.
             Slain by a +2 glaive of flaming (4 damage)
             ... created by the rancor of the Wu Jian Council
             ... on level 4 of the Dungeon.
             The game lasted 00:09:30 (3387 turns).

SolarTheDude the Chopper (Hill Orc Fighter)         Turns: 3387, Time: 00:09:31

Health: 0/56       AC:  7    Str: 21    XL:     6   Next: 88%
Magic:  6/6        EV: 14    Int:  8    God:    Beogh [......]
Gold:   83         SH:  4    Dex: 10    Spells: 5/5 levels left

rFire   . . .        a - +0 war axe
rCold   . . .        c - +0 buckler
rNeg    . . .        b - +0 scale mail
rPois   .            (no helmet)
rElec   .            (no cloak)
rCorr   .            (no gloves)
SInv    .            (no boots)
Will    .....        (no amulet) Stlth
                     t - +5 ring of evasion
HPRegen 0.29/turn    x - ring of flight
MPRegen 0.10/turn

%: no passive effects
@: flying
A: no striking features
a: Renounce Religion


You were on level 4 of the Dungeon.
You worshipped Beogh.
Beogh was noncommittal.
You visited 1 branch of the dungeon, and saw 4 of its levels.

You collected 83 gold pieces.

Inventory:

Hand Weapons
 a - a +0 war axe (weapon)
Missiles
 g - 9 poisoned darts (quivered)
Armour
 b - a +0 scale mail (worn)
 c - a +0 buckler (worn)
Jewellery
 t - a +5 ring of evasion (left hand)
 x - a ring of flight (right hand)
Scrolls
 e - a scroll of teleportation {unknown}
 h - a scroll of butterflies {unknown}
 i - a scroll of blinking {unknown}
 k - a scroll of enchant weapon {unknown}
 m - 4 scrolls of identify {unknown}
 o - a scroll of fear {unknown}
 p - a scroll of revelation {unknown}
 s - a scroll of silence {unknown}
 u - a scroll of immolation {unknown}
 w - a scroll of fog {unknown}
 y - a scroll of brand weapon {unknown}
Potions
 d - a potion of might
 f - 2 potions of curing {unknown}
 j - 2 potions of attraction {unknown}
 l - 4 potions of haste {unknown}
 n - 3 potions of mutation {unknown}
 q - a potion of magic {unknown}
 r - a potion of lignification {unknown}
 v - a potion of degeneration {unknown}


   Skills:
 + Level 5.2 Fighting
 + Level 6.1 Axes
 + Level 5.3 Armour
 + Level 0.7 Dodging
 + Level 3.7 Shields


You had 5 spell levels left.
You didn't know any spells.
Your spell library was empty.

Dungeon Overview and Level Annotations

Branches:
Dungeon (4/15)
 Temple: D:4-7

Altars:
Elyvilon
Wu Jian
Xom

Shops:
D:1 ?


Message History

You block the +0 glaive of speed's attack.
You are too injured to fight recklessly!
You are too injured to fight recklessly!
You are too injured to fight recklessly!
You are too injured to fight recklessly!
You are too injured to fight recklessly!
You are too injured to fight recklessly!
You are too injured to fight recklessly!
You are too injured to fight recklessly!
You are too injured to fight recklessly!
You are too injured to fight recklessly!
You are too injured to fight recklessly!
You are too injured to fight recklessly!
You are too injured to fight recklessly!
You are too injured to fight recklessly!
You are too injured to fight recklessly!
You are too injured to fight recklessly!
You are too injured to fight recklessly!
You are too injured to fight recklessly!
You completely miss the +0 glaive of speed.
The +0 glaive of speed is heavily damaged.
The +0 glaive of speed barely misses you.
You barely miss the +0 glaive of speed.
The +0 glaive of speed is heavily damaged.
The +2 glaive of flaming hits you from afar!
* * * LOW HITPOINT WARNING * * *
The +2 glaive of flaming burns you.
* * * LOW HITPOINT WARNING * * *
The +0 glaive of speed misses you.
Okay, then.
You hit the +0 glaive of speed but do no damage.
The +0 glaive of speed is moderately damaged.
You block the +2 glaive of flaming's attack.
The +0 glaive of speed hits you!
* * * LOW HITPOINT WARNING * * *
You hit the +0 glaive of speed but do no damage.
The +0 glaive of speed is moderately damaged.
The +0 glaive of speed hits you but does no damage.
The +2 glaive of flaming hits you from afar.
You die...

#.#.## #.##.# ##..... # #....#
#.##.# ##.#..
#.##....####.##.######## #....
..........[............#####.#>#
#.##....###.###.#######.........
#<............# #.######.#
####....###.###(## #.# #.#
................# #.# #..
######..###.###@# #.# ###
#..###.# #(# #.# ##.....# #(#
#.# #####.# #.# #.# ### #.. ..#
#.# ###


You could see 3 dancing weapons.

Vanquished Creatures
  Sigmund (D:4)
  2 dancing weapons (D:4)
  A hound (D:4)
  A jelly (D:3)
  An iguana (D:4)
  7 gnolls (D:4)
  6 adders
  A ribbon worm (D:3)
  5 orcs
  5 ball pythons
  3 endoplasms
  4 giant cockroaches
  4 goblins
  5 hobgoblins
  2 jackals (D:2)
  2 quokkas
  5 bats
  3 frilled lizards
  6 kobolds
  13 rats
77 creatures vanquished.

Vanquished Creatures (others)
  An orc (D:4)
1 creature vanquished.

Grand Total: 78 creatures vanquished

Notes
Turn   | Place    | Note
-------+----------+-------------------------------------------
     0 | D:1      | SolarTheDude the Hill Orc Fighter began the quest for the
                  | Orb.
     0 | D:1      | Reached XP level 1. HP: 19/19 MP: 1/1
   188 | D:1      | Found Uqyirrol's Magic Scroll Boutique.
   256 | D:1      | Reached XP level 2. HP: 27/27 MP: 2/2
   260 | D:1      | Reached skill level 3 in Axes
  1239 | D:2      | Reached XP level 3. HP: 14/33 MP: 3/3
  1324 | D:2      | Found a white marble altar of Elyvilon.
  1942 | D:2      | Reached XP level 4. HP: 36/40 MP: 4/4
  2148 | D:3      | Reached skill level 4 in Axes
  2172 | D:3      | Found an ornate altar of the Wu Jian Council.
  2180 | D:3      | Found a shimmering altar of Xom.
  2236 | D:3      | Became a worshipper of the Wu Jian Council
  2374 | D:3      | Reached XP level 5. HP: 46/47 MP: 5/5
  2810 | D:4      | Reached * piety under Wu Jian
  2934 | D:4      | Reached skill level 5 in Fighting
  2934 | D:4      | Reached skill level 5 in Axes
  3024 | D:4      | Noticed Sigmund
  3026 | D:4      | Fell from the grace of Wu Jian
  3026 | D:4      | Became a worshipper of Beogh the Brigand
  3047 | D:4      | HP: 1/48 [something (6)]
  3048 | D:4      | Killed Sigmund
  3049 | D:4      | Reached skill level 5 in Armour
  3049 | D:4      | Reached XP level 6. HP: 2/56 MP: 6/6
  3129 | D:4      | Reached skill level 6 in Axes
  3381 | D:4      | Noticed a +2 glaive of flaming
  3381 | D:4      | Noticed a +0 quarterstaff of freezing
  3381 | D:4      | Noticed a +2 rapier of electrocution
  3381 | D:4      | Noticed a +3 heavy broad axe
  3381 | D:4      | Noticed a +0 glaive of speed
  3381 | D:4      | Killed a +0 quarterstaff of freezing
  3382 | D:4      | Killed a +2 rapier of electrocution
  3387 | D:4      | Slain by a +2 glaive of flaming

Illustrated notes

Levels and vault maps discovered:
D:1:      lemuel_arrival_room, layout_basic, serial_shops, nicolae_shop_trees,
          minmay_misc_feat_room
D:2:      layout_loops_corners, basic_altar
D:3:      minmay_door_path, layout_rooms, jmf_multi_god_temple
D:4:      layout_basic, serial_shops, shop, dreamdust_princess_bridge,
          hangedman_abyss_or_decor_lesser_grid, uniq_sigmund

Skill      XL: |  1  2  3  4  5  6 |
---------------+-------------------+-----
Axes           | 3 4 5 6 |  6.1
Armour         | 4 5 |  5.3
Fighting       | 4 5 |  5.2
Dodging        | |  0.7
Shields        | |  3.7

Action                     |  1- 3 |  4- 6 || total
---------------------------+-------+-------++-------
  Melee: War axe           |   112 |   160 ||   272
 Invoke: Convert to Beogh  |       |     1 ||     1
Ability: Lunge             |       |     6 ||     6
 Armour: Scale mail        |    86 |    90 ||   176
  Dodge: Dodged            |    58 |    97 ||   155
  Block: Buckler           |    25 |    29 ||    54
